Quebec Remparts vs Rock Island Raccoons
Created - Thursday, August 22, 2024 at 09:08
Goals
|
| Quebec Remparts |
0 |
2 |
2 |
4 |
| Rock Island Raccoons |
3 |
1 |
1 |
5 |
|
Shots
|
| Quebec Remparts |
8 |
11 |
8 |
27 |
| Rock Island Raccoons |
10 |
12 |
20 |
42 |
|
1st period
1. Rock Island Raccoons , Craig Smith 2 (Tyler Motte 2, Jake Walman 2) at 3:11
2. Rock Island Raccoons , Tyler Motte 1 (Craig Smith 1, Jujhar Khaira 1) at 6:33
3. Rock Island Raccoons , Craig Smith 3 (Ryan Carpenter 3, Eric Robinson 2) at 10:53
Penalties :
Rasmus Kupari (QUE) for Interference (Minor) at 7:39
2nd period
4. Rock Island Raccoons , Martin Chromiak 1 (Gustav Lindstrom 1, Phillip Di Giuseppe 2) at 8:47
5. Quebec Remparts , Matthew Poitras 1 (Thomas Bordeleau 4, Paul Cotter 2) at 12:21
6. Quebec Remparts , Joshua Roy 3 (Hendrix Lapierre 5, Joseph Woll) at 15:06
Penalties :
Dysin Mayo (QUE) for Tripping (Minor) at 6:03, Kyle Burroughs (RIR) for Fighting (Major) at 8:52, Gavin White (QUE) for Fighting (Major) at 8:52, Logan Stanley (RIR) for Fighting (Major) at 9:19, Andreas Athanasiou (QUE) for Fighting (Major) at 9:19, Dysin Mayo (QUE) for Slashing (Minor) at 9:36, Phillip Di Giuseppe (RIR) for Slashing (Minor) at 17:51
3rd period
7. Quebec Remparts , Rasmus Kupari 2 (Olle Lycksell 3, Kevin Rooney 3) at 10:35
8. Quebec Remparts , Hendrix Lapierre 3 (Paul Cotter 3, Ryan Shea 2) at 11:40 (SH)
9. Rock Island Raccoons , Logan Stanley 1 (Tyler Motte 3) at 11:44 (PP)
Penalties :
David Jiricek (QUE) for Roughing (Minor) at 11:09, Jujhar Khaira (RIR) for Fighting (Major) at 12:51, Andreas Athanasiou (QUE) for Fighting (Major) at 12:51, Olle Lycksell (QUE) for Elbowing (Minor) at 18:25
Goalie Stats
Joseph Woll (QUE), 37 saves from 42 shots - (0.881), L, 3-1-0, 60:00 minutes
Kevin Lankinen (RIR), 23 saves from 27 shots - (0.852), W, 1-3-0, 60:00 minutes
Players Stats for Quebec Remparts
Player Name G A P +/- PIM S H SB GA TA FO MP PP MP PK MP
------------------------------------------------------------------------------------
Adam Edstrom 0 0 0 -1 0 0 2 1 0 0 0/0 15:47 0:48 0:00
Andreas Athanasiou 0 0 0 1 10 3 1 0 2 1 0/1 14:49 1:11 2:51
David Jiricek 0 0 0 -1 2 0 1 1 0 2 0/0 26:39 0:51 3:33
Dysin Mayo 0 0 0 1 4 0 0 0 0 0 0/0 18:51 1:08 1:48
Gavin White 0 0 0 -1 5 1 0 0 0 0 0/0 13:37 0:00 1:16
Hendrix Lapierre 1 1 2 0 0 5 1 0 0 1 5/12 19:42 0:48 3:55
Ivan Ivan 0 0 0 0 0 0 0 0 0 0 0/0 3:02 0:00 0:00
Jakub Demek 0 0 0 0 0 0 1 0 0 0 0/0 6:30 0:00 0:00
Jordan Spence 0 0 0 -1 0 0 2 7 0 0 0/0 27:00 0:51 3:53
Joshua Roy 1 0 1 -1 0 3 2 0 1 0 1/2 16:40 0:48 0:40
Kevin Rooney 0 1 1 0 0 4 1 0 0 0 6/8 13:53 0:00 0:00
Matthew Poitras 1 0 1 -1 0 1 0 0 0 0 2/6 8:17 0:00 0:49
Maximus Wanner 0 0 0 -1 0 1 1 0 0 1 0/0 14:09 0:00 1:29
Olle Lycksell 0 1 1 0 2 0 0 0 0 0 0/0 13:52 0:00 0:00
Paul Cotter 0 2 2 1 0 1 4 1 1 2 1/2 19:42 1:11 4:11
Rasmus Kupari 1 0 1 0 2 2 1 1 0 0 0/0 13:52 0:00 0:00
Ryan Shea 0 1 1 2 0 1 2 1 0 1 0/0 20:38 1:08 4:13
Thomas Bordeleau 0 1 1 1 0 5 4 0 0 0 20/39 24:46 1:11 3:46
Players Stats for Rock Island Raccoons
Player Name G A P +/- PIM S H SB GA TA FO MP PP MP PK MP
------------------------------------------------------------------------------------
Brandon Coe 0 0 0 1 0 1 1 0 0 0 0/0 8:52 0:01 0:00
Craig Smith 2 1 3 2 0 9 3 0 1 2 1/3 19:10 3:56 0:55
Darren Helm 0 0 0 -1 0 1 2 0 0 0 0/1 19:08 4:09 0:00
Eric Robinson 0 1 1 -1 0 6 0 0 1 0 0/0 19:08 4:09 0:00
Erik Gustafsson 0 0 0 1 0 2 1 2 1 0 0/0 20:47 4:02 0:58
Filip Chytil 0 0 0 -2 0 0 2 0 1 0 2/11 11:46 0:00 0:00
Gustav Lindstrom 0 1 1 0 0 4 2 0 0 0 0/0 16:06 1:20 0:00
Jake Walman 0 1 1 -2 0 1 3 3 0 0 0/0 27:01 4:17 1:01
Jan Mysak 0 0 0 0 0 3 0 0 1 0 0/1 8:06 0:00 0:00
Jujhar Khaira 0 1 1 2 5 3 1 0 0 0 8/12 17:19 3:56 1:04
Karl Henriksson 0 0 0 0 0 0 1 0 0 0 3/5 8:06 0:00 0:00
Kyle Burroughs 0 0 0 -1 5 0 2 1 1 1 0/0 24:20 3:26 1:01
Logan Stanley 1 0 1 1 5 1 3 0 0 1 0/0 17:48 2:41 0:58
Martin Chromiak 1 0 1 -1 0 1 1 0 0 0 0/0 12:48 0:01 0:00
Matthew Robertson 0 0 0 1 0 0 1 1 0 0 0/0 13:56 0:26 0:00
Phillip Di Giuseppe 0 1 1 -1 2 2 1 1 0 0 0/2 14:14 0:01 0:00
Ryan Carpenter 0 1 1 -1 0 2 4 0 0 0 19/32 20:12 4:09 1:04
Tyler Motte 1 2 3 2 0 6 2 0 2 0 2/3 19:10 3:56 0:55
3 Stars
1 - Craig Smith (RIR)
2 - Tyler Motte (RIR)
3 - Paul Cotter (QUE)
Power Play
Quebec Remparts - 0 on 1 Attempt(s) - 0.00%
Rock Island Raccoons - 1 on 5 Attempt(s) - 20.00%
Penalty Kill
Quebec Remparts - 4 on 5 Attempt(s) - 80.00%
- Score 1 goal in Penalty Kill
Rock Island Raccoons - 1 on 1 Attempt(s) - 100.00%
- Score 0 goal in Penalty Kill
Team Stat
Quebec Remparts - Hits : 23 - Faceoff Wins : 35 - Blocked Shots : 12 - Penalty Minutes : 25
Rock Island Raccoons - Hits : 30 - Faceoff Wins : 35 - Blocked Shots : 8 - Penalty Minutes : 17
Official
Referees : Pierre Lambert and Reid Anderson
Linesman : Bevan Mills and Ryan Gibbons
Game Notes
Kyle Burroughs beats up Gavin White at 8:52 of 2nd period
Logan Stanley beats up Andreas Athanasiou at 9:19 of 2nd period
Jujhar Khaira beats up Andreas Athanasiou at 12:51 of 3rd period
Quebec Remparts
5 vs 5 Forward
Center Left Wing Right Wing Time % Phy DF OF
1 Thomas Bordeleau Andreas Athanasiou Paul Cotter 30 1 2 2
2 Hendrix Lapierre Joshua Roy Adam Edstrom 30 1 2 2
3 Kevin Rooney Rasmus Kupari Olle Lycksell 25 1 2 2
4 Matthew Poitras Thomas Bordeleau Jakub Demek 15 1 2 2
5 vs 5 Defense
Defense Defense Time % Phy DF OF
1 Jordan Spence David Jiricek 30 1 2 2
2 Ryan Shea Dysin Mayo 30 1 2 2
3 Maximus Wanner Gavin White 25 1 2 2
4 Jordan Spence David Jiricek 15 1 2 2
PowerPlay Forward
Center Left Wing Right Wing Time % Phy DF OF
1 Thomas Bordeleau Andreas Athanasiou Paul Cotter 50 1 2 2
2 Hendrix Lapierre Joshua Roy Adam Edstrom 50 1 2 2
PowerPlay Defense
Defense Defense Time % Phy DF OF
1 Jordan Spence David Jiricek 50 1 2 2
2 Ryan Shea Dysin Mayo 50 1 2 2
Penalty Kill 4 Players Forward
Center Wing Time % Phy DF OF
1 Thomas Bordeleau Andreas Athanasiou 50 1 2 2
2 Hendrix Lapierre Paul Cotter 50 1 2 2
Penalty Kill 4 Players Defense
Defense Defense Time % Phy DF OF
1 Jordan Spence David Jiricek 50 1 2 2
2 Ryan Shea Dysin Mayo 50 1 2 2
Penalty Kill - 3 Players Forward
Forward Time % Phy DF OF
1 Thomas Bordeleau 50 1 2 2
2 Andreas Athanasiou 50 1 2 2
Penalty Kill - 3 Players Defense
Defense Defense Time % Phy DF OF
1 Jordan Spence David Jiricek 50 1 2 2
2 Ryan Shea Dysin Mayo 50 1 2 2
4 vs 4 Forward
Center Wing Time % Phy DF OF
1 Thomas Bordeleau Andreas Athanasiou 50 1 2 2
2 Hendrix Lapierre Paul Cotter 50 1 2 2
4 vs 4 Defense
Defense Defense Time % Phy DF OF
1 Jordan Spence David Jiricek 50 1 2 2
2 Ryan Shea Dysin Mayo 50 1 2 2
Last Minutes Offensive
Center Left Wing Right Wing Defense Defense
Thomas Bordeleau Andreas Athanasiou Paul Cotter Jordan Spence David Jiricek
Last Minutes Defensive
Center Left Wing Right Wing Defense Defense
Thomas Bordeleau Andreas Athanasiou Paul Cotter Jordan Spence David Jiricek
Goaltenders
Starting : Joseph Woll
Backup : Devon Levi
Extra Forwards
Normal : Ivan Ivan, Kevin Rooney, Matthew Poitras - PP : Ivan Ivan, Kevin Rooney - PK : Matthew Poitras
Extra Defensemen
Normal : Maximus Wanner, Gavin White, Ryan Shea - PP : Maximus Wanner - PK : Gavin White, Ryan Shea
Penalty Shots
Thomas Bordeleau, Andreas Athanasiou, Hendrix Lapierre, Paul Cotter, Kevin Rooney
Scratches
Ethan Samson (Healthy), Jared Davidson (Healthy), Avery Hayes (Healthy), Carson Golder (Healthy), Jamieson Rees (Healthy)
Matt Stienburg (Healthy), Keith Kinkaid (Healthy)
Rock Island Raccoons
5 vs 5 Forward
Center Left Wing Right Wing Time % Phy DF OF
1 Jujhar Khaira Tyler Motte Craig Smith 30 1 2 2
2 Ryan Carpenter Eric Robinson Darren Helm 30 1 2 2
3 Filip Chytil Phillip Di Giuseppe Martin Chromiak 25 1 2 2
4 Karl Henriksson Jan Mysak Brandon Coe 15 1 2 2
5 vs 5 Defense
Defense Defense Time % Phy DF OF
1 Jake Walman Kyle Burroughs 30 1 2 2
2 Erik Gustafsson Logan Stanley 30 1 2 2
3 Gustav Lindstrom Matthew Robertson 25 1 2 2
4 Jake Walman Kyle Burroughs 15 1 2 2
PowerPlay Forward
Center Left Wing Right Wing Time % Phy DF OF
1 Jujhar Khaira Tyler Motte Craig Smith 50 1 2 2
2 Ryan Carpenter Eric Robinson Darren Helm 50 1 2 2
PowerPlay Defense
Defense Defense Time % Phy DF OF
1 Jake Walman Kyle Burroughs 50 1 2 2
2 Erik Gustafsson Logan Stanley 50 1 2 2
Penalty Kill 4 Players Forward
Center Wing Time % Phy DF OF
1 Craig Smith Tyler Motte 50 1 2 2
2 Jujhar Khaira Ryan Carpenter 50 1 2 2
Penalty Kill 4 Players Defense
Defense Defense Time % Phy DF OF
1 Jake Walman Kyle Burroughs 50 1 2 2
2 Erik Gustafsson Logan Stanley 50 1 2 2
Penalty Kill - 3 Players Forward
Forward Time % Phy DF OF
1 Craig Smith 50 1 2 2
2 Tyler Motte 50 1 2 2
Penalty Kill - 3 Players Defense
Defense Defense Time % Phy DF OF
1 Jake Walman Kyle Burroughs 50 1 2 2
2 Erik Gustafsson Logan Stanley 50 1 2 2
4 vs 4 Forward
Center Wing Time % Phy DF OF
1 Craig Smith Tyler Motte 50 1 2 2
2 Jujhar Khaira Ryan Carpenter 50 1 2 2
4 vs 4 Defense
Defense Defense Time % Phy DF OF
1 Jake Walman Kyle Burroughs 50 1 2 2
2 Erik Gustafsson Logan Stanley 50 1 2 2
Last Minutes Offensive
Center Left Wing Right Wing Defense Defense
Jujhar Khaira Tyler Motte Craig Smith Jake Walman Kyle Burroughs
Last Minutes Defensive
Center Left Wing Right Wing Defense Defense
Jujhar Khaira Tyler Motte Craig Smith Jake Walman Kyle Burroughs
Goaltenders
Starting : Kevin Lankinen
Backup : Alex Lyon
Extra Forwards
Normal : Phillip Di Giuseppe, Martin Chromiak, Filip Chytil - PP : Phillip Di Giuseppe, Martin Chromiak - PK : Filip Chytil
Extra Defensemen
Normal : Gustav Lindstrom, Matthew Robertson, Erik Gustafsson - PP : Gustav Lindstrom - PK : Matthew Robertson, Erik Gustafsson
Penalty Shots
Craig Smith, Tyler Motte, Jujhar Khaira, Ryan Carpenter, Eric Robinson
Scratches
Ronan Seeley (Healthy), Henrik Rybinski (Healthy), Donovan Sebrango (Healthy), Casey DeSmith (Healthy)
% Time on Ice - Quebec Remparts
Lines # - Real PCT - Wanted PCT - Time Play
Normal Forward
1 - 28% - 30% - 13:48
2 - 32% - 30% - 15:44
3 - 28% - 25% - 13:53
4 - 13% - 15% - 6:30
Normal Defense
1 - 31% - 30% - 15:30
2 - 30% - 30% - 14:59
3 - 25% - 25% - 12:40
4 - 14% - 15% - 6:46
PP Forward
1 - 60% - 50% - 1:11
2 - 40% - 50% - 0:48
PP Defense
1 - 43% - 50% - 0:51
2 - 57% - 50% - 1:08
PK Forward
1 - 51% - 50% - 4:07
2 - 49% - 50% - 3:59
PK Defense
1 - 48% - 50% - 3:53
2 - 52% - 50% - 4:13
PK3 Forward
1 - 0% - 50%
2 - 0% - 50%
PK3 Defense
1 - 0% - 50%
2 - 0% - 50%
44 Forward
1 - 0% - 50%
2 - 0% - 50%
44 Defense
1 - 0% - 50%
2 - 0% - 50%
Last Minute Offensive - 0:00
Last Minute Defensive - 0:00
Total
Forward - 60:00
Defense - 60:00
|
% Time on Ice - Rock Island Raccoons
Lines # - Real PCT - Wanted PCT - Time Play
Normal Forward
1 - 30% - 30% - 15:04
2 - 30% - 30% - 14:59
3 - 24% - 25% - 11:46
4 - 16% - 15% - 8:06
Normal Defense
1 - 30% - 30% - 15:07
2 - 32% - 30% - 15:47
3 - 25% - 25% - 12:25
4 - 13% - 15% - 6:36
PP Forward
1 - 49% - 50% - 3:57
2 - 51% - 50% - 4:09
PP Defense
1 - 53% - 50% - 4:17
2 - 47% - 50% - 3:49
PK Forward
1 - 46% - 50% - 0:55
2 - 54% - 50% - 1:04
PK Defense
1 - 51% - 50% - 1:01
2 - 49% - 50% - 0:58
PK3 Forward
1 - 0% - 50%
2 - 0% - 50%
PK3 Defense
1 - 0% - 50%
2 - 0% - 50%
44 Forward
1 - 0% - 50%
2 - 0% - 50%
44 Defense
1 - 0% - 50%
2 - 0% - 50%
Last Minute Offensive - 0:00
Last Minute Defensive - 0:00
Total
Forward - 60:00
Defense - 60:00
|
Play-by-Play
1st period
0:01 of 1st period - Jujhar Khaira wins face-off versus Thomas Bordeleau in neutral zone.
0:26 of 1st period - Kyle Burroughs is hit by David Jiricek and loses puck.
2:41 of 1st period - Slapshot by Jujhar Khaira.
2:41 of 1st period - Stopped by Joseph Woll with a rebound.
3:05 of 1st period - Snap shot by Jujhar Khaira.
3:05 of 1st period - Shot Blocked by Rasmus Kupari.
3:07 of 1st period - Slapshot by Jake Walman.
3:07 of 1st period - Shot Misses the Net.
3:09 of 1st period - Wrist shot by Tyler Motte.
3:09 of 1st period - Stopped by Joseph Woll with a rebound.
3:11 of 1st period - Snap shot by Craig Smith.
3:11 of 1st period - Goal by Craig Smith - Quebec Remparts : 0 - Rock Island Raccoons : 1.
3:12 of 1st period - Ryan Carpenter wins face-off versus Thomas Bordeleau in neutral zone.
5:08 of 1st period - Off-side.
5:09 of 1st period - Thomas Bordeleau wins face-off versus Filip Chytil in neutral zone.
5:14 of 1st period - Icing by Jake Walman.
5:15 of 1st period - Filip Chytil wins face-off versus Thomas Bordeleau in Rock Island Raccoons zone.
5:44 of 1st period - Wrist shot by Eric Robinson.
5:44 of 1st period - Shot Misses the Net.
6:04 of 1st period - Snap shot by Olle Lycksell.
6:04 of 1st period - Shot Misses the Net.
6:06 of 1st period - Wrist shot by Kevin Rooney.
6:06 of 1st period - Stopped by Kevin Lankinen with a rebound.
6:08 of 1st period - Wrist shot by Rasmus Kupari.
6:08 of 1st period - Shot Blocked by Erik Gustafsson.
6:31 of 1st period - Snap shot by Craig Smith.
6:31 of 1st period - Stopped by Joseph Woll with a rebound.
6:33 of 1st period - Wrist shot by Tyler Motte.
6:33 of 1st period - Goal by Tyler Motte - Quebec Remparts : 0 - Rock Island Raccoons : 2.
6:34 of 1st period - Thomas Bordeleau wins face-off versus Ryan Carpenter in neutral zone.
6:37 of 1st period - Wrist shot by Andreas Athanasiou.
6:37 of 1st period - Shot Misses the Net.
6:49 of 1st period - Slapshot by Andreas Athanasiou.
6:49 of 1st period - Stopped by Kevin Lankinen with a rebound.
7:12 of 1st period - Snap shot by Joshua Roy.
7:12 of 1st period - Stopped by Kevin Lankinen with a rebound.
7:34 of 1st period - Wrist shot by Olle Lycksell.
7:34 of 1st period - Shot Misses the Net.
7:39 of 1st period - Minor Penalty to Rasmus Kupari for Interference.
7:40 of 1st period - Jujhar Khaira wins face-off versus Thomas Bordeleau in Quebec Remparts zone.
8:06 of 1st period - Hendrix Lapierre is hit by Ryan Carpenter and loses puck.
8:15 of 1st period - Wrist shot by Eric Robinson.
8:15 of 1st period - Deflect By Darren Helm.
8:15 of 1st period - Shot Blocked by Jordan Spence.
8:15 of 1st period - Puck is out of play.
8:16 of 1st period - Jujhar Khaira wins face-off versus Thomas Bordeleau in Quebec Remparts zone.
8:29 of 1st period - Slapshot by Craig Smith.
8:29 of 1st period - Shot Misses the Net.
8:31 of 1st period - Snap shot by Tyler Motte.
8:31 of 1st period - Stopped by Joseph Woll with a rebound.
9:39 of 1st period - Penalty to Rasmus Kupari is over, Rasmus Kupari is back on ice.
9:49 of 1st period - Wrist shot by Phillip Di Giuseppe.
9:49 of 1st period - Shot Misses the Net.
9:51 of 1st period - Slapshot by Erik Gustafsson.
9:51 of 1st period - Deflect By Phillip Di Giuseppe.
9:51 of 1st period - Shot Misses the Net.
9:51 of 1st period - Puck is out of play.
9:52 of 1st period - Kevin Rooney wins face-off versus Karl Henriksson in Quebec Remparts zone.
9:59 of 1st period - Backhand shot by Kevin Rooney.
9:59 of 1st period - Stopped by Kevin Lankinen without a rebound.
10:00 of 1st period - Kevin Rooney wins face-off versus Karl Henriksson in Rock Island Raccoons zone.
10:22 of 1st period - Off-side.
10:23 of 1st period - Thomas Bordeleau wins face-off versus Ryan Carpenter in neutral zone.
10:53 of 1st period - Wrist shot by Craig Smith.
10:53 of 1st period - Goal by Craig Smith - Quebec Remparts : 0 - Rock Island Raccoons : 3.
10:54 of 1st period - Thomas Bordeleau wins face-off versus Ryan Carpenter in neutral zone.
10:57 of 1st period - Snap shot by Andreas Athanasiou.
10:57 of 1st period - Shot Misses the Net.
10:59 of 1st period - Wrist shot by Thomas Bordeleau.
10:59 of 1st period - Stopped by Kevin Lankinen with a rebound.
11:27 of 1st period - Wrist shot by Hendrix Lapierre.
11:27 of 1st period - Shot Misses the Net.
11:29 of 1st period - Snap shot by Hendrix Lapierre.
11:29 of 1st period - Shot Misses the Net.
11:59 of 1st period - Wrist shot by Karl Henriksson.
11:59 of 1st period - Deflect By Kevin Rooney.
11:59 of 1st period - Shot Blocked by Ryan Shea.
11:59 of 1st period - Puck is out of play.
12:00 of 1st period - Kevin Rooney wins face-off versus Jan Mysak in Quebec Remparts zone.
12:11 of 1st period - Wrist shot by Kevin Rooney.
12:11 of 1st period - Shot Blocked by Jake Walman.
12:21 of 1st period - Kevin Rooney is hit by Brandon Coe and loses puck.
12:42 of 1st period - Wrist shot by Jan Mysak.
12:42 of 1st period - Stopped by Joseph Woll without a rebound.
12:43 of 1st period - Paul Cotter wins face-off versus Ryan Carpenter in Quebec Remparts zone.
12:43 of 1st period - Paul Cotter is hit by Ryan Carpenter.
12:55 of 1st period - Wrist shot by Thomas Bordeleau.
12:55 of 1st period - Deflect By Andreas Athanasiou.
12:55 of 1st period - Shot Misses the Net.
12:55 of 1st period - Puck is out of play.
12:56 of 1st period - Ryan Carpenter wins face-off versus Joshua Roy in Rock Island Raccoons zone.
13:35 of 1st period - Thomas Bordeleau is hit by Tyler Motte and loses puck.
14:42 of 1st period - Snap shot by Craig Smith.
14:42 of 1st period - Stopped by Joseph Woll with a rebound.
15:38 of 1st period - Slapshot by Hendrix Lapierre.
15:38 of 1st period - Shot Blocked by Phillip Di Giuseppe.
15:40 of 1st period - Snap shot by Hendrix Lapierre.
15:40 of 1st period - Stopped by Kevin Lankinen without a rebound.
15:41 of 1st period - Thomas Bordeleau wins face-off versus Ryan Carpenter in Rock Island Raccoons zone.
15:47 of 1st period - Wrist shot by Thomas Bordeleau.
15:47 of 1st period - Stopped by Kevin Lankinen without a rebound.
15:48 of 1st period - Thomas Bordeleau wins face-off versus Ryan Carpenter in Rock Island Raccoons zone.
16:27 of 1st period - Snap shot by Craig Smith.
16:27 of 1st period - Stopped by Joseph Woll with a rebound.
17:29 of 1st period - Snap shot by Craig Smith.
17:29 of 1st period - Shot Misses the Net.
17:43 of 1st period - Maximus Wanner is hit by Darren Helm and loses puck.
18:02 of 1st period - Slapshot by Hendrix Lapierre.
18:02 of 1st period - Stopped by Kevin Lankinen without a rebound.
18:03 of 1st period - Jujhar Khaira wins face-off versus Hendrix Lapierre in Rock Island Raccoons zone.
18:28 of 1st period - Adam Edstrom is hit by Kyle Burroughs and loses puck.
18:45 of 1st period - Slapshot by Joshua Roy.
18:45 of 1st period - Shot Misses the Net.
18:54 of 1st period - Icing by Phillip Di Giuseppe.
18:55 of 1st period - Thomas Bordeleau wins face-off versus Filip Chytil in Rock Island Raccoons zone.
Goals for this period are 0 for Quebec Remparts vs 3 for Rock Island Raccoons.
Shots for this period are 8 for Quebec Remparts vs 10 for Rock Island Raccoons.
2nd period
0:01 of 2nd period - Thomas Bordeleau wins face-off versus Ryan Carpenter in neutral zone.
0:07 of 2nd period - Icing by Jake Walman.
0:08 of 2nd period - Ryan Carpenter wins face-off versus Paul Cotter in Rock Island Raccoons zone.
0:18 of 2nd period - Icing by Ryan Carpenter.
0:19 of 2nd period - Ryan Carpenter wins face-off versus Thomas Bordeleau in Rock Island Raccoons zone.
1:56 of 2nd period - Logan Stanley is hit by Adam Edstrom and loses puck.
2:11 of 2nd period - Snap shot by Jan Mysak.
2:11 of 2nd period - Stopped by Joseph Woll with a rebound.
2:25 of 2nd period - Snap shot by Andreas Athanasiou.
2:25 of 2nd period - Stopped by Kevin Lankinen with a rebound.
2:27 of 2nd period - Snap shot by Andreas Athanasiou.
2:27 of 2nd period - Stopped by Kevin Lankinen without a rebound.
2:28 of 2nd period - Karl Henriksson wins face-off versus Thomas Bordeleau in Rock Island Raccoons zone.
3:16 of 2nd period - Gustav Lindstrom is hit by Thomas Bordeleau and loses puck.
3:35 of 2nd period - Joshua Roy is hit by Filip Chytil and loses puck.
3:50 of 2nd period - Snap shot by Phillip Di Giuseppe.
3:50 of 2nd period - Shot Misses the Net.
3:56 of 2nd period - Jan Mysak is hit by Paul Cotter and loses puck.
4:07 of 2nd period - Snap shot by Kevin Rooney.
4:07 of 2nd period - Stopped by Kevin Lankinen without a rebound.
4:08 of 2nd period - Jujhar Khaira wins face-off versus Kevin Rooney in Rock Island Raccoons zone.
4:35 of 2nd period - Ryan Shea is hit by Logan Stanley and loses puck.
5:09 of 2nd period - Icing by Logan Stanley.
5:10 of 2nd period - Karl Henriksson wins face-off versus Matthew Poitras in Rock Island Raccoons zone.
6:03 of 2nd period - Minor Penalty to Dysin Mayo for Tripping.
6:04 of 2nd period - Thomas Bordeleau wins face-off versus Ryan Carpenter in Quebec Remparts zone.
6:54 of 2nd period - Eric Robinson is hit by Jordan Spence.
7:46 of 2nd period - Ryan Carpenter is hit by Ryan Shea and loses puck.
8:03 of 2nd period - Penalty to Dysin Mayo is over, Dysin Mayo is back on ice.
8:05 of 2nd period - Paul Cotter is hit by Phillip Di Giuseppe and loses puck.
8:21 of 2nd period - Phillip Di Giuseppe is hit by Paul Cotter and loses puck.
8:30 of 2nd period - Dysin Mayo is hit by Matthew Robertson and loses puck.
8:35 of 2nd period - Snap shot by Phillip Di Giuseppe.
8:35 of 2nd period - Shot Misses the Net.
8:37 of 2nd period - Slapshot by Matthew Robertson.
8:37 of 2nd period - Shot Blocked by Jordan Spence.
8:39 of 2nd period - Snap shot by Brandon Coe.
8:39 of 2nd period - Shot Misses the Net.
8:41 of 2nd period - Wrist shot by Phillip Di Giuseppe.
8:41 of 2nd period - Shot Misses the Net.
8:43 of 2nd period - Slapshot by Gustav Lindstrom.
8:43 of 2nd period - Stopped by Joseph Woll with a rebound.
8:45 of 2nd period - Slapshot by Gustav Lindstrom.
8:45 of 2nd period - Stopped by Joseph Woll with a rebound.
8:47 of 2nd period - Wrist shot by Martin Chromiak.
8:47 of 2nd period - Goal by Martin Chromiak - Quebec Remparts : 0 - Rock Island Raccoons : 4.
8:48 of 2nd period - Hendrix Lapierre wins face-off versus Ryan Carpenter in neutral zone.
8:52 of 2nd period - Kyle Burroughs beats up Gavin White.
8:52 of 2nd period - Penalty to Kyle Burroughs for Fighting.
8:52 of 2nd period - Penalty to Gavin White for Fighting.
8:53 of 2nd period - Ryan Carpenter wins face-off versus Matthew Poitras in Rock Island Raccoons zone.
9:00 of 2nd period - Slapshot by Jake Walman.
9:00 of 2nd period - Deflect By Eric Robinson.
9:00 of 2nd period - Stopped by Joseph Woll without a rebound.
9:01 of 2nd period - Ryan Carpenter wins face-off versus Matthew Poitras in Quebec Remparts zone.
9:12 of 2nd period - Wrist shot by Ryan Carpenter.
9:12 of 2nd period - Shot Misses the Net.
9:14 of 2nd period - Wrist shot by Gustav Lindstrom.
9:14 of 2nd period - Shot Misses the Net.
9:16 of 2nd period - Snap shot by Eric Robinson.
9:16 of 2nd period - Stopped by Joseph Woll without a rebound.
9:17 of 2nd period - Thomas Bordeleau wins face-off versus Filip Chytil in Quebec Remparts zone.
9:19 of 2nd period - Logan Stanley beats up Andreas Athanasiou.
9:19 of 2nd period - Penalty to Logan Stanley for Fighting.
9:19 of 2nd period - Penalty to Andreas Athanasiou for Fighting.
9:20 of 2nd period - Thomas Bordeleau wins face-off versus Filip Chytil in neutral zone.
9:25 of 2nd period - Snap shot by Paul Cotter.
9:25 of 2nd period - Stopped by Kevin Lankinen with a rebound.
9:31 of 2nd period - Wrist shot by Phillip Di Giuseppe.
9:31 of 2nd period - Shot Misses the Net.
9:36 of 2nd period - Minor Penalty to Dysin Mayo for Slashing.
9:37 of 2nd period - Thomas Bordeleau wins face-off versus Ryan Carpenter in Quebec Remparts zone.
9:37 of 2nd period - Thomas Bordeleau is hit by Ryan Carpenter.
9:50 of 2nd period - Wrist shot by Ryan Carpenter.
9:50 of 2nd period - Stopped by Joseph Woll with a rebound.
10:47 of 2nd period - Jake Walman is hit by Maximus Wanner and loses puck.
11:36 of 2nd period - Penalty to Dysin Mayo is over, Dysin Mayo is back on ice.
11:48 of 2nd period - Snap shot by Phillip Di Giuseppe.
11:48 of 2nd period - Deflect By Martin Chromiak.
11:48 of 2nd period - Shot Blocked by Jordan Spence.
11:48 of 2nd period - Puck is out of play.
11:49 of 2nd period - Kevin Rooney wins face-off versus Filip Chytil in Quebec Remparts zone.
11:51 of 2nd period - Icing by Jordan Spence.
11:52 of 2nd period - Kevin Rooney wins face-off versus Filip Chytil in Quebec Remparts zone.
12:19 of 2nd period - Wrist shot by Thomas Bordeleau.
12:19 of 2nd period - Shot Misses the Net.
12:21 of 2nd period - Slapshot by Matthew Poitras.
12:21 of 2nd period - Goal by Matthew Poitras - Quebec Remparts : 1 - Rock Island Raccoons : 4.
12:22 of 2nd period - Ryan Carpenter wins face-off versus Thomas Bordeleau in neutral zone.
12:25 of 2nd period - Slapshot by Erik Gustafsson.
12:25 of 2nd period - Shot Misses the Net.
12:27 of 2nd period - Slapshot by Darren Helm.
12:27 of 2nd period - Shot Misses the Net.
12:29 of 2nd period - Snap shot by Erik Gustafsson.
12:29 of 2nd period - Stopped by Joseph Woll with a rebound.
12:31 of 2nd period - Snap shot by Eric Robinson.
12:31 of 2nd period - Stopped by Joseph Woll with a rebound.
12:33 of 2nd period - Wrist shot by Eric Robinson.
12:33 of 2nd period - Stopped by Joseph Woll without a rebound.
12:34 of 2nd period - Thomas Bordeleau wins face-off versus Jujhar Khaira in Quebec Remparts zone.
12:41 of 2nd period - Thomas Bordeleau is hit by Gustav Lindstrom and loses puck.
13:26 of 2nd period - Wrist shot by Martin Chromiak.
13:26 of 2nd period - Shot Blocked by Jordan Spence.
13:28 of 2nd period - Snap shot by Phillip Di Giuseppe.
13:28 of 2nd period - Stopped by Joseph Woll with a rebound.
13:38 of 2nd period - Olle Lycksell is hit by Karl Henriksson and loses puck.
13:46 of 2nd period - Backhand shot by Maximus Wanner.
13:46 of 2nd period - Stopped by Kevin Lankinen with a rebound.
13:48 of 2nd period - Slapshot by Ryan Shea.
13:48 of 2nd period - Shot Misses the Net.
13:50 of 2nd period - Slapshot by Maximus Wanner.
13:50 of 2nd period - Shot Blocked by Jake Walman.
13:52 of 2nd period - Snap shot by Kevin Rooney.
13:52 of 2nd period - Shot Blocked by Matthew Robertson.
13:54 of 2nd period - Backhand shot by Kevin Rooney.
13:54 of 2nd period - Shot Misses the Net.
13:56 of 2nd period - Wrist shot by Olle Lycksell.
13:56 of 2nd period - Shot Misses the Net.
14:00 of 2nd period - Slapshot by Kevin Rooney.
14:00 of 2nd period - Shot Misses the Net.
14:02 of 2nd period - Snap shot by Gavin White.
14:02 of 2nd period - Stopped by Kevin Lankinen with a rebound.
14:04 of 2nd period - Wrist shot by Kevin Rooney.
14:04 of 2nd period - Stopped by Kevin Lankinen without a rebound.
14:05 of 2nd period - Jujhar Khaira wins face-off versus Thomas Bordeleau in Rock Island Raccoons zone.
14:05 of 2nd period - Jujhar Khaira is hit by Thomas Bordeleau.
14:19 of 2nd period - Gustav Lindstrom is hit by Paul Cotter and loses puck.
14:37 of 2nd period - Snap shot by Ryan Carpenter.
14:37 of 2nd period - Stopped by Joseph Woll without a rebound.
14:38 of 2nd period - Ryan Carpenter wins face-off versus Hendrix Lapierre in Quebec Remparts zone.
15:06 of 2nd period - Snap shot by Joshua Roy.
15:06 of 2nd period - Goal by Joshua Roy - Quebec Remparts : 2 - Rock Island Raccoons : 4.
15:07 of 2nd period - Tyler Motte wins face-off versus Thomas Bordeleau in neutral zone.
15:16 of 2nd period - Wrist shot by Jujhar Khaira.
15:16 of 2nd period - Shot Misses the Net.
15:18 of 2nd period - Wrist shot by Jujhar Khaira.
15:18 of 2nd period - Shot Blocked by Jordan Spence.
15:34 of 2nd period - Jordan Spence is hit by Gustav Lindstrom and loses puck.
15:41 of 2nd period - Slapshot by Ryan Carpenter.
15:41 of 2nd period - Shot Misses the Net.
16:11 of 2nd period - Olle Lycksell is hit by Martin Chromiak and loses puck.
16:26 of 2nd period - Logan Stanley is hit by Thomas Bordeleau.
16:34 of 2nd period - Erik Gustafsson is hit by Thomas Bordeleau and loses puck.
16:51 of 2nd period - Snap shot by Hendrix Lapierre.
16:51 of 2nd period - Stopped by Kevin Lankinen without a rebound.
16:52 of 2nd period - Ryan Carpenter wins face-off versus Hendrix Lapierre in Rock Island Raccoons zone.
17:18 of 2nd period - Paul Cotter is hit by Craig Smith and loses puck.
17:51 of 2nd period - Minor Penalty to Phillip Di Giuseppe for Slashing.
17:52 of 2nd period - Thomas Bordeleau wins face-off versus Craig Smith in Rock Island Raccoons zone.
18:25 of 2nd period - Kyle Burroughs is hit by Andreas Athanasiou and loses puck.
18:38 of 2nd period - Snap shot by Thomas Bordeleau.
18:38 of 2nd period - Stopped by Kevin Lankinen without a rebound.
18:39 of 2nd period - Craig Smith wins face-off versus Hendrix Lapierre in Rock Island Raccoons zone.
19:10 of 2nd period - Ryan Carpenter is hit by Adam Edstrom and loses puck.
19:51 of 2nd period - Penalty to Phillip Di Giuseppe is over, Phillip Di Giuseppe is back on ice.
Goals for this period are 2 for Quebec Remparts vs 1 for Rock Island Raccoons.
Shots for this period are 11 for Quebec Remparts vs 12 for Rock Island Raccoons.
3rd period
0:01 of 3rd period - Thomas Bordeleau wins face-off versus Darren Helm in neutral zone.
0:08 of 3rd period - Wrist shot by Andreas Athanasiou.
0:08 of 3rd period - Shot Hit the Post.
0:26 of 3rd period - Matthew Robertson is hit by Hendrix Lapierre and loses puck.
0:35 of 3rd period - Wrist shot by Jujhar Khaira.
0:35 of 3rd period - Stopped by Joseph Woll without a rebound.
0:36 of 3rd period - Thomas Bordeleau wins face-off versus Filip Chytil in Quebec Remparts zone.
1:07 of 3rd period - Snap shot by Tyler Motte.
1:07 of 3rd period - Stopped by Joseph Woll without a rebound.
1:08 of 3rd period - Hendrix Lapierre wins face-off versus Jujhar Khaira in Quebec Remparts zone.
1:23 of 3rd period - Matthew Robertson is hit by Joshua Roy and loses puck.
1:34 of 3rd period - Craig Smith is hit by Jakub Demek and loses puck.
1:51 of 3rd period - Snap shot by Jujhar Khaira.
1:51 of 3rd period - Shot Misses the Net.
1:53 of 3rd period - Snap shot by Tyler Motte.
1:53 of 3rd period - Deflect By Craig Smith.
1:53 of 3rd period - Stopped by Joseph Woll without a rebound.
1:54 of 3rd period - Hendrix Lapierre wins face-off versus Ryan Carpenter in Quebec Remparts zone.
2:24 of 3rd period - Slapshot by Phillip Di Giuseppe.
2:24 of 3rd period - Deflect By Martin Chromiak.
2:24 of 3rd period - Shot Misses the Net.
2:24 of 3rd period - Puck is out of play.
2:25 of 3rd period - Thomas Bordeleau wins face-off versus Phillip Di Giuseppe in Quebec Remparts zone.
2:25 of 3rd period - Thomas Bordeleau is hit by Filip Chytil.
2:35 of 3rd period - Snap shot by Thomas Bordeleau.
2:35 of 3rd period - Shot Blocked by Erik Gustafsson.
3:16 of 3rd period - Snap shot by Thomas Bordeleau.
3:16 of 3rd period - Deflect By Matthew Poitras.
3:16 of 3rd period - Shot Blocked by Kyle Burroughs.
3:16 of 3rd period - Puck is out of play.
3:17 of 3rd period - Matthew Poitras wins face-off versus Tyler Motte in Rock Island Raccoons zone.
3:24 of 3rd period - Snap shot by Thomas Bordeleau.
3:24 of 3rd period - Stopped by Kevin Lankinen without a rebound.
3:25 of 3rd period - Hendrix Lapierre wins face-off versus Jujhar Khaira in Rock Island Raccoons zone.
3:26 of 3rd period - Slapshot by Joshua Roy.
3:26 of 3rd period - Stopped by Kevin Lankinen with a rebound.
3:40 of 3rd period - Slapshot by Jujhar Khaira.
3:40 of 3rd period - Stopped by Joseph Woll without a rebound.
3:41 of 3rd period - Ryan Carpenter wins face-off versus Andreas Athanasiou in Quebec Remparts zone.
4:38 of 3rd period - Wrist shot by Kevin Rooney.
4:38 of 3rd period - Deflect By Rasmus Kupari.
4:38 of 3rd period - Stopped by Kevin Lankinen without a rebound.
4:39 of 3rd period - Filip Chytil wins face-off versus Thomas Bordeleau in Rock Island Raccoons zone.
4:48 of 3rd period - Wrist shot by Thomas Bordeleau.
4:48 of 3rd period - Stopped by Kevin Lankinen with a rebound.
5:32 of 3rd period - Snap shot by Craig Smith.
5:32 of 3rd period - Stopped by Joseph Woll with a rebound.
5:52 of 3rd period - Wrist shot by Karl Henriksson.
5:52 of 3rd period - Shot Misses the Net.
5:54 of 3rd period - Snap shot by Jan Mysak.
5:54 of 3rd period - Stopped by Joseph Woll with a rebound.
5:56 of 3rd period - Slapshot by Jake Walman.
5:56 of 3rd period - Deflect By Jan Mysak.
5:56 of 3rd period - Shot Misses the Net.
5:56 of 3rd period - Puck is out of play.
5:57 of 3rd period - Ryan Carpenter wins face-off versus Hendrix Lapierre in Quebec Remparts zone.
6:24 of 3rd period - Paul Cotter is hit by Jujhar Khaira and loses puck.
7:17 of 3rd period - Gavin White is hit by Erik Gustafsson and loses puck.
7:38 of 3rd period - Gavin White is hit by Craig Smith.
8:06 of 3rd period - Kyle Burroughs is hit by Joshua Roy and loses puck.
8:25 of 3rd period - Rasmus Kupari is hit by Jake Walman and loses puck.
8:58 of 3rd period - Wrist shot by Martin Chromiak.
8:58 of 3rd period - Deflect By Filip Chytil.
8:58 of 3rd period - Shot Misses the Net.
8:58 of 3rd period - Puck is out of play.
8:59 of 3rd period - Ryan Carpenter wins face-off versus Kevin Rooney in Quebec Remparts zone.
9:25 of 3rd period - Darren Helm is hit by Ryan Shea and loses puck.
9:44 of 3rd period - Jujhar Khaira is hit by Paul Cotter and loses puck.
10:00 of 3rd period - Off-side.
10:01 of 3rd period - Matthew Poitras wins face-off versus Filip Chytil in neutral zone.
10:24 of 3rd period - Martin Chromiak is hit by Kevin Rooney and loses puck.
10:33 of 3rd period - Wrist shot by Olle Lycksell.
10:33 of 3rd period - Shot Blocked by Jake Walman.
10:35 of 3rd period - Snap shot by Rasmus Kupari.
10:35 of 3rd period - Goal by Rasmus Kupari - Quebec Remparts : 3 - Rock Island Raccoons : 4.
10:36 of 3rd period - Ryan Carpenter wins face-off versus Thomas Bordeleau in neutral zone.
10:41 of 3rd period - Slapshot by Gustav Lindstrom.
10:41 of 3rd period - Stopped by Joseph Woll without a rebound.
10:42 of 3rd period - Ryan Carpenter wins face-off versus Thomas Bordeleau in Quebec Remparts zone.
10:49 of 3rd period - Slapshot by Eric Robinson.
10:49 of 3rd period - Stopped by Joseph Woll with a rebound.
10:51 of 3rd period - Slapshot by Matthew Robertson.
10:51 of 3rd period - Shot Blocked by Jordan Spence.
10:53 of 3rd period - Snap shot by Gustav Lindstrom.
10:53 of 3rd period - Shot Misses the Net.
10:55 of 3rd period - Snap shot by Ryan Carpenter.
10:55 of 3rd period - Shot Misses the Net.
10:57 of 3rd period - Snap shot by Gustav Lindstrom.
10:57 of 3rd period - Stopped by Joseph Woll without a rebound.
10:58 of 3rd period - Hendrix Lapierre wins face-off versus Jujhar Khaira in Quebec Remparts zone.
11:07 of 3rd period - Snap shot by Craig Smith.
11:07 of 3rd period - Shot Blocked by Adam Edstrom.
11:09 of 3rd period - Minor Penalty to David Jiricek for Roughing.
11:10 of 3rd period - Jujhar Khaira wins face-off versus Hendrix Lapierre in Quebec Remparts zone.
11:17 of 3rd period - Wrist shot by Tyler Motte.
11:17 of 3rd period - Stopped by Joseph Woll with a rebound.
11:19 of 3rd period - Slapshot by Logan Stanley.
11:19 of 3rd period - Shot Misses the Net.
11:21 of 3rd period - Snap shot by Tyler Motte.
11:21 of 3rd period - Stopped by Joseph Woll with a rebound.
11:23 of 3rd period - Wrist shot by Craig Smith.
11:23 of 3rd period - Stopped by Joseph Woll with a rebound.
11:25 of 3rd period - Slapshot by Logan Stanley.
11:25 of 3rd period - Deflect By Craig Smith.
11:25 of 3rd period - Shot Blocked by Jordan Spence.
11:25 of 3rd period - Puck is out of play.
11:26 of 3rd period - Thomas Bordeleau wins face-off versus Ryan Carpenter in Quebec Remparts zone.
11:26 of 3rd period - Thomas Bordeleau is hit by Ryan Carpenter.
11:40 of 3rd period - Wrist shot by Hendrix Lapierre.
11:40 of 3rd period - Goal by Hendrix Lapierre - Quebec Remparts : 4 - Rock Island Raccoons : 4.
11:41 of 3rd period - Tyler Motte wins face-off versus Hendrix Lapierre in neutral zone.
11:44 of 3rd period - Snap shot by Logan Stanley.
11:44 of 3rd period - Goal by Logan Stanley - Quebec Remparts : 4 - Rock Island Raccoons : 5.
11:45 of 3rd period - Ryan Carpenter wins face-off versus Thomas Bordeleau in neutral zone.
11:49 of 3rd period - Jake Walman is hit by Jordan Spence and loses puck.
11:52 of 3rd period - Slapshot by Eric Robinson.
11:52 of 3rd period - Shot Misses the Net.
11:54 of 3rd period - Slapshot by Eric Robinson.
11:54 of 3rd period - Shot Blocked by David Jiricek.
11:56 of 3rd period - Snap shot by Darren Helm.
11:56 of 3rd period - Deflect By Thomas Bordeleau.
11:56 of 3rd period - Shot Misses the Net.
11:56 of 3rd period - Puck is out of play.
11:57 of 3rd period - Thomas Bordeleau wins face-off versus Craig Smith in Quebec Remparts zone.
12:22 of 3rd period - Joshua Roy is hit by Darren Helm.
12:28 of 3rd period - Slapshot by Eric Robinson.
12:28 of 3rd period - Shot Misses the Net.
12:30 of 3rd period - Wrist shot by Eric Robinson.
12:30 of 3rd period - Shot Misses the Net.
12:32 of 3rd period - Slapshot by Jake Walman.
12:32 of 3rd period - Stopped by Joseph Woll with a rebound.
12:48 of 3rd period - Snap shot by Phillip Di Giuseppe.
12:48 of 3rd period - Stopped by Joseph Woll without a rebound.
12:49 of 3rd period - Jujhar Khaira wins face-off versus Thomas Bordeleau in Quebec Remparts zone.
12:50 of 3rd period - Slapshot by Craig Smith.
12:50 of 3rd period - Stopped by Joseph Woll with a rebound.
12:51 of 3rd period - Jujhar Khaira beats up Andreas Athanasiou.
12:51 of 3rd period - Penalty to Jujhar Khaira for Fighting.
12:51 of 3rd period - Penalty to Andreas Athanasiou for Fighting.
12:52 of 3rd period - Thomas Bordeleau wins face-off versus Ryan Carpenter in Quebec Remparts zone.
12:52 of 3rd period - Thomas Bordeleau is hit by Kyle Burroughs.
13:10 of 3rd period - Ivan Ivan is hit by Jake Walman and loses puck.
13:22 of 3rd period - Icing by Jordan Spence.
13:23 of 3rd period - Joshua Roy wins face-off versus Phillip Di Giuseppe in Quebec Remparts zone.
13:23 of 3rd period - Joshua Roy is hit by Logan Stanley.
13:47 of 3rd period - Snap shot by Hendrix Lapierre.
13:47 of 3rd period - Stopped by Kevin Lankinen with a rebound.
14:09 of 3rd period - Slapshot by Erik Gustafsson.
14:09 of 3rd period - Stopped by Joseph Woll without a rebound.
14:10 of 3rd period - Ryan Carpenter wins face-off versus Thomas Bordeleau in Quebec Remparts zone.
14:43 of 3rd period - Wrist shot by Ryan Shea.
14:43 of 3rd period - Stopped by Kevin Lankinen without a rebound.
14:44 of 3rd period - Ryan Carpenter wins face-off versus Matthew Poitras in Rock Island Raccoons zone.
15:18 of 3rd period - Filip Chytil is hit by Rasmus Kupari and loses puck.
16:13 of 3rd period - Backhand shot by Eric Robinson.
16:13 of 3rd period - Deflect By Darren Helm.
16:13 of 3rd period - Stopped by Joseph Woll with a rebound.
16:27 of 3rd period - Hendrix Lapierre is hit by Tyler Motte and loses puck.
16:49 of 3rd period - Icing by Paul Cotter.
16:50 of 3rd period - Karl Henriksson wins face-off versus Thomas Bordeleau in Quebec Remparts zone.
16:59 of 3rd period - Slapshot by Erik Gustafsson.
16:59 of 3rd period - Deflect By Brandon Coe.
16:59 of 3rd period - Shot Blocked by Paul Cotter.
16:59 of 3rd period - Puck is out of play.
17:00 of 3rd period - Kevin Rooney wins face-off versus Filip Chytil in Quebec Remparts zone.
17:00 of 3rd period - Kevin Rooney is hit by Jake Walman.
17:34 of 3rd period - Slapshot by Erik Gustafsson.
17:34 of 3rd period - Shot Misses the Net.
17:36 of 3rd period - Snap shot by Jan Mysak.
17:36 of 3rd period - Deflect By Brandon Coe.
17:36 of 3rd period - Stopped by Joseph Woll with a rebound.
17:56 of 3rd period - Thomas Bordeleau is hit by Craig Smith and loses puck.
18:25 of 3rd period - Minor Penalty to Olle Lycksell for Elbowing.
18:26 of 3rd period - Ryan Carpenter wins face-off versus Thomas Bordeleau in Quebec Remparts zone.
18:31 of 3rd period - Snap shot by Ryan Carpenter.
18:31 of 3rd period - Shot Misses the Net.
18:33 of 3rd period - Wrist shot by Eric Robinson.
18:33 of 3rd period - Stopped by Joseph Woll without a rebound.
18:34 of 3rd period - Ryan Carpenter wins face-off versus Thomas Bordeleau in Quebec Remparts zone.
18:47 of 3rd period - Slapshot by Jake Walman.
18:47 of 3rd period - Shot Misses the Net.
19:42 of 3rd period - Jordan Spence is hit by Logan Stanley and loses puck.
Goals for this period are 2 for Quebec Remparts vs 1 for Rock Island Raccoons.
Shots for this period are 8 for Quebec Remparts vs 20 for Rock Island Raccoons.
Back to the Top